 Dungeon Crawl Stone Soup version 0.22.1-2-g9c5b331 (webtiles) character file.

113 dvd the Skirmisher (level 4, 0/29 HPs)
             Began as a Gargoyle Monk on Dec 4, 2018.
             Slain by a worm (7 damage)
             ... on level 3 of the Dungeon.
             The game lasted 00:03:28 (1948 turns).

dvd the Skirmisher (Gargoyle Monk)                  Turns: 1948, Time: 00:03:29

Health: 0/29       AC:  8    Str: 15    XL:     4   Next: 96%
Magic:  4/4        EV:  7    Int: 10    God:
Gold:   120        SH: 12    Dex: 13    Spells: 3/3 levels left

rFire    . . .     SeeInvis +   q - +5 whip (holy)
rCold    . . .     Gourm    .   h - +0 large shield
rNeg     + . .     Faith    .   n - +0 ring mail
rPois    ∞         Spirit   .   (no helmet)
rElec    +         Reflect  .   (no cloak)
rCorr    .         Harm     .   (no gloves)
MR       .....                  (no boots)
Stlth    ++........             (no amulet)
HPRegen  0.09/turn              s - ring of see invisible
MPRegen  0.09/turn              (no ring)

@: no status effects
A: negative energy resistance 1, electricity resistance, unbreathing,
petrification resistance, rot immunity, AC +3
a: no special abilities


You were on level 3 of the Dungeon.
You were hungry.

You visited 1 branch of the dungeon, and saw 3 of its levels.

You collected 120 gold pieces.

Inventory:

Hand Weapons
 a - a +0 hand axe
 q - a +5 whip of holy wrath (weapon)
Armour
 b - a +0 robe
 h - a +0 large shield (worn)
 n - a +0 ring mail (worn)
Jewellery
 s - a ring of see invisible (left hand)
Scrolls
 d - a scroll of enchant armour {unknown}
 e - a scroll of amnesia {unknown}
 f - 3 scrolls of identify {unknown}
 g - 2 scrolls of immolation {unknown}
 m - 2 scrolls of remove curse {unknown}
 p - a scroll of random uselessness {unknown}
Potions
 i - 3 potions of haste
 j - a potion of lignification {unknown}
 k - a potion of might {unknown}
 o - a potion of degeneration {unknown}
 r - a potion of heal wounds {unknown}
Comestibles
 c - 5 rations
 l - 2 chunks of flesh


   Skills:
 + Level 3.7 Fighting
 + Level 3.4(3.5) Axes
 + Level 0.6(2.4) Maces & Flails
 + Level 0.8 Armour
 + Level 2.9 Dodging
 + Level 2.8 Stealth
 + Level 1.7 Shields


You had 3 spell levels left.
You didn't know any spells.
Your spell library was empty.

Dungeon Overview and Level Annotations

Branches:
Dungeon (3/15)

Altars:


Innate Abilities, Weirdness & Mutations

You are resistant to torment.
Your stone body is resilient. (AC +3)
You are immune to poison.
You resist negative energy. (rN+)
You are resistant to electric shocks. (rElec)
You can survive without breathing.
You are immune to petrification.
You are immune to rotting.


Message History

You see here a poisoned needle.
You block the kobold's attack.
You enter a teleport trap!
The teleport trap disappears.
Your surroundings suddenly seem different.
A bat comes into view.
Found a stone staircase leading down.
You are feeling hungry.
The kobold shoots a poisoned needle.
The poisoned needle hits you!
You see here a poisoned needle.
The kobold shoots a poisoned needle.
The poisoned needle hits you. You block the adder's attack.
The adder bites you.
* * * LOW HITPOINT WARNING * * *
You block the adder's attack.
There is a stone staircase leading down here.
You block the adder's attack.
Some of the chunks of flesh in your inventory have rotted away.
The adder barely misses you. The worm bites you!
You die...

#................. .#
####.........##....b.
........................
#.# #........###......
##..###...(....# ......
........###.######....>.
........###...!...# #
..........##.S....#
........#.>K.w@...# (
........#####.....# #..
...........##.....#....
.......÷...##(.........
..........<........##
........###.#.K.....#.
.........##....###.....
######........(......?.
####....#.#...##..


You could see a worm, an adder and 2 kobolds.

Vanquished Creatures
  Jessica (D:2)
  Natasha (D:2)
  2 adders (D:2)
  A ball python (D:2)
  6 giant cockroaches
  7 goblins
  8 hobgoblins
  A quokka (D:2)
  3 bats
  5 frilled lizards
  3 kobolds (D:2)
  6 rats
44 creatures vanquished.

Notes
Turn   | Place    | Note
-------+----------+-------------------------------------------
     0 | D:1      | dvd the Gargoyle Monk began the quest for the Orb.
     0 | D:1      | Reached XP level 1. HP: 14/14 MP: 1/1
   222 | D:1      | Reached XP level 2. HP: 19/19 MP: 2/2
  1038 | D:2      | Reached XP level 3. HP: 23/23 MP: 3/3
  1191 | D:2      | Noticed Jessica
  1199 | D:2      | Killed Jessica
  1444 | D:2      | Reached skill level 1 in Shields
  1444 | D:2      | Reached XP level 4. HP: 28/28 MP: 4/4
  1652 | D:2      | Noticed Natasha
  1661 | D:2      | Killed Natasha
  1948 | D:3      | Slain by a worm

Skill      XL: |  1  2  3 |
---------------+----------+-----
Axes           | 3 |  3.4
Shields        | 1 |  1.7
Fighting       | |  3.7
Maces & Flails | |  0.6
Armour         | |  0.8
Dodging        | |  2.9
Stealth        | |  2.8

Action                   |  1- 3 |  4- 6 || total
-------------------------+-------+-------++-------
Melee: Hand axe          |   120 |       ||   120
       Whip              |     2 |    42 ||    44
 Stab: Sleeping          |     4 |       ||     4
  Eat: Chunk             |     2 |     1 ||     3
Armor: Robe              |    25 |       ||    25
       Ring mail         |     6 |    15 ||    21
Dodge: Dodged            |    43 |    10 ||    53
Block: Large shield      |    36 |    35 ||    71
